Map: Ascension to Aiur LE

Players

Erfeyah - Winner!

  • Race: Terran Terran
  • Spawn Location: 11:00

A.I. 1 (Easy)

  • Race: Protoss Protoss
  • Spawn Location: 5:00

VOD

Have the link to the VOD?

Description

Time

  • Played on: Nov. 24, 2017, 12:39 p.m.
  • Length: 15:37
Show
View Real Time Build Order
Export as new Build Order

Erfeyah Terran - Winner!

Build Orders:  

Get SALT Encoding   

  12  0:03  SCV  
  13  0:26  SCV  
  13  0:27  Supply Depot  
  14  0:31  Refinery  
  14  0:42  SCV  
  15  1:15  Barracks  
  15  1:22  SCV  
  16  1:40  SCV  
  17  1:52  SCV  
  18  2:04  SCV, Supply Depot  
  19  2:37  Command Center  
  19  2:43  SCV  
  20  2:45  Marine  
  21  3:03  Marine  
  22  3:13  Supply Depot  
  22  3:19  Supply Depot  
  22  3:21  Marine  
  23  3:29  SCV  
  24  3:46  Supply Depot  
  24  3:48  Supply Depot  
  24  3:51  Supply Depot  
  24  4:00  SCV  
  25  4:22  Factory  
  25  4:40  SCV x2  
  27  4:52  SCV x2  
  29  4:56  Barracks  
  29  5:17  SCV x2  
  29  5:20  Marine  
  32  5:31  Supply Depot  
  32  5:38  Marine  
  33  5:43  SCV x2  
  33  5:45  Barracks  
  35  5:55  SCV, Marine  
  35  5:56  SCV  
  38  6:07  SCV  
  38  6:08  SCV  
  40  6:13  Marine  
  41  6:23  Factory Tech Lab  
  41  6:31  Marine  
  42  6:35  Barracks Reactor  
  42  6:55  SCV x2, Supply Depot  
  42  6:57  Marine x2  
  46  7:15  Marine x2  
  47  7:16  Starport  
  47  7:19  Supply Depot  
  48  7:26  Starport  
  48  7:34  Starport  
  44  8:04  Supply Depot  
  44  8:15  SCV x2  
  46  8:25  Refinery  
  46  8:45  Marine  
  46  8:46  Marine x3  
  50  9:03  Marine x2  
  50  9:04  Marine  
  50  9:06  Medivac  
  50  9:07  Medivac x2  
  59  9:14  Marine  
  60  9:21  Marine x2  
  60  9:22  Marine  
  63  9:31  Marine  
  63  9:36  Medivac, Refinery  
  63  9:37  Medivac x2  
  70  9:39  SCV, Marine x3  
  70  9:40  SCV  
  75  9:49  Marine  
  75  9:52  SCV x2  
  78  9:57  Marine x3  
  81  10:04  SCV  
  81  10:06  Medivac  
  81  10:07  Medivac x2, Marine  
  86  10:12  SCV  
  90  10:15  Marine  
  90  10:16  SCV  
  92  10:25  Marine  
  93  10:37  Supply Depot  
  93  10:39  Supply Depot  
  93  10:40  SCV  
  93  10:42  Marine x3  
  96  10:43  Marine  
  96  10:46  Medivac  
  96  10:47  Medivac x2  
  104  11:00  Marine x4  
  104  11:01  Supply Depot  
  108  11:16  Medivac  
  108  11:18  Marine x4  
  114  11:35  Marine  
  114  11:36  Marine x3  
  118  11:54  Marine  
  119  12:04  SCV  
  119  12:05  Marine x2  
  119  12:06  Marine  
  123  12:09  Medivac x3, Command Center  
  123  12:11  Marine  
  130  12:23  Marine x3  
  130  12:25  Barracks  
  130  12:29  Marine  
  134  12:41  Barracks  
  133  13:10  Marine  
  134  14:54  Marine  
  134  14:59  Marine  
  134  15:00  Marine  
  134  15:02  Marine  
  133  15:17  Marine  
Show
View Real Time Build Order
Export as new Build Order

A.I. 1 (Easy) Protoss 

Build Orders:  

Get SALT Encoding   

  12  0:00  Probe  
  13  0:13  Probe  
  14  0:20  Pylon  
  14  0:25  Probe  
  15  0:38  Probe  
  16  0:44  Assimilator  
  16  0:51  Gateway  
  16  0:54  Pylon  
  16  1:16  Assimilator  
  16  1:39  Zealot  
  18  1:44  Cybernetics Core  
  18  2:07  Pylon  
  18  2:10  Probe  
  19  2:21  Warp Gate, Stalker  
  22  2:22  Probe  
  22  2:35  Probe  
  23  2:47  Probe  
  24  2:52  Adept  
  26  2:59  Probe  
  27  3:11  Probe  
  28  3:23  Stalker  
  30  3:55  Adept  
  32  6:45  Sentry  
  32  6:46  Probe  
  35  6:47  Pylon  
  35  6:52  Nexus  
  35  7:05  Probe  
  35  7:07  Robotics Facility  
  36  7:08  Pylon  
  36  7:10  Stalker  
  38  7:35  Sentry  
  30  7:55  Observer  
  31  8:00  Adept  
  31  8:03  Probe  
  34  8:08  Probe  
  34  8:10  Assimilator  
  35  8:14  Assimilator  
  35  8:15  Probe  
  35  8:17  Observer  
  37  8:20  Probe  
  37  8:25  Stalker  
  40  8:28  Probe  
  40  8:32  Probe  
  42  8:40  Probe  
  43  8:44  Probe  
  44  8:50  Stalker  
  44  8:52  Probe  
  47  8:56  Probe  
  48  9:04  Probe  
  48  9:08  Probe  
  50  9:15  Zealot  
  50  9:16  Probe  
  53  9:20  Probe  
  54  9:28  Probe  
  55  9:32  Probe  
  56  9:40  Probe  
  56  9:44  Probe  
  58  9:52  Probe  
  59  9:57  Probe  
  60  10:04  Probe  
  61  11:58  Warp Prism  
  61  12:00  Gateway  
  63  12:01  Forge  
  63  12:04  Robotics Bay  
  63  12:06  Stargate  
  63  12:11  Pylon  
  63  12:33  Warp Prism  
  63  12:34  Protoss Ground Weapons Level 1  
  63  12:36  Pylon  
  65  12:41  Stalker  
  53  12:51  Gateway  
  53  12:52  Observer Gravitic Boosters  
  53  12:58  Fleet Beacon  
  53  13:10  Observer  
  53  13:12  Zealot  
  56  13:23  Nexus  
  56  13:35  Stalker  
  58  13:42  Pylon  
  58  13:49  Nexus, Gravitic Drive, Zealot  
  60  14:04  Void Ray  
  64  14:14  Pylon  
  58  14:18  Immortal  
  54  14:32  Stalker  
  54  14:33  Probe  
  37  14:45  Probe  
  37  14:47  Zealot  
  35  14:58  Probe  
  28  15:10  Probe  
  21  15:16  Zealot  
  17  15:22  Probe  
  15  15:30  Zealot  
Tags
 
Add a new tag
Caveats
  • Supply blocks, unpowered buildings, or Contaminate may cause inaccurate times.
  • Supply counts are checked every 10 seconds.